 Dungeon Crawl Stone Soup version 0.25.0-9-g26727b657a (webtiles) character file.

Game seed: 3702455995506478284

10430 mortelune the Grappler (level 11, -14/99 HPs)
             Began as a Ghoul Monk on June 20, 2020.
             Was a Believer of Makhleb.
             Killed from afar by a wretched star (26 damage)
             ... with a lance of force
             ... on level 1 of the Abyss.
             The game lasted 00:25:08 (11277 turns).

mortelune the Grappler (Ghoul Monk)                Turns: 11277, Time: 00:25:08

Health: -14/99     AC: 32    Str: 15    XL:     11   Next: 62%
Magic:  20/20      EV:  6    Int:  5    God:    Makhleb [**....]
Gold:   134        SH:  5    Dex: 11    Spells: 10/10 levels left

rFire    + . .     SeeInvis +     - Unarmed
rCold    + + +     Gourm    .   (no shield)
rNeg     + + +     Faith    .   v - +12 plate armour of Negligence {rElec Str-4 SInv}
rPois    ∞         Spirit   .   H - +0 helmet
rElec    +         Reflect  +   m - +1 cloak
rCorr    +         Harm     .   (no gloves)
MR       .....                  M - +1 pair of boots
Stlth    ..........             q - amulet of reflection
HPRegen  0.00/turn              I - ring of protection from cold
MPRegen  0.17/turn              Q - ring of magical power

@: mighty, resistant, rotting
A: rotting body, claws 1, carnivore, cold resistance 1, negative energy
resistance 3, inhibited regeneration, torment resistance, unbreathing
a: Minor Destruction, Renounce Religion


You were on level 1 of the Abyss.
You worshipped Makhleb.
Makhleb was pleased with you.
You were not hungry.

You visited 3 branches of the dungeon, and saw 11 of its levels.
You visited the Abyss 1 time.
You also visited: Ossuary.

You collected 409 gold pieces.
You spent 275 gold pieces at shops.

Inventory:

Missiles
 P - 2 datura-tipped darts (quivered)
Armour
 a - a +0 robe
 h - a +0 ring mail
 m - a +1 cloak (worn)
 s - a +1 ring mail of positive energy
 v - the +12 plate armour of Negligence (worn) {rElec Str-4 SInv}
   (You found it on level 5 of the Dungeon)

   It affects your strength (-4).
   It insulates you from electricity.
   It lets you see invisible.
 C - +0 swamp dragon scales
 H - a +0 helmet (worn)
 M - a +1 pair of boots (worn)
Jewellery
 q - an amulet of reflection (around neck)
 I - a ring of protection from cold (left claw)
 Q - a ring of magical power (right claw)
Wands
 d - a wand of disintegration (11)
 e - a wand of flame (36)
 G - a wand of random effects (9)
 J - a wand of paralysis (6)
 L - a wand of iceblast (7)
Scrolls
 f - a scroll of fog
 i - 4 scrolls of identify
 l - 5 scrolls of remove curse
 t - 2 scrolls of teleportation
 w - a scroll of vulnerability {unknown}
 x - a scroll of random uselessness
 y - 2 scrolls of fear {unknown}
 B - 3 scrolls of blinking
 D - 3 scrolls of amnesia
 E - a scroll of summoning {unknown}
 K - a scroll of enchant armour
 N - a scroll of enchant weapon
 O - 2 scrolls of noise
Potions
 c - 4 potions of haste
 g - a potion of stabbing
 j - a potion of resistance
 k - a potion of might
 n - 6 potions of curing
 o - a potion of ambrosia
 p - a potion of invisibility {unknown}
 r - 2 potions of lignification
 u - 2 potions of mutation {unknown}
 A - 4 potions of degeneration {unknown}
 F - a potion of berserk rage {unknown}
Comestibles
 b - 12 rations


   Skills:
 + Level 9.7 Fighting
 * Level 9.1 Armour
 - Level 4.9 Dodging
 - Level 2.1 Stealth
 + Level 12.7 Unarmed Combat
 + Level 2.1 Invocations


You had 10 spell levels left.
You didn't know any spells.
Your spell library contained the following spells:

 Spells                   Type           Power        Failure   Level  Hunger
 Foxfire                  Conj/Fire      #...         100%        1    ##.....
 Freeze                   Ice            #...         100%        1    ##.....
 Conjure Flame            Conj/Fire      #.......     100%        3    ####...
 Frozen Ramparts          Ice            #.....       100%        3    ####...
 Inner Flame              Hex/Fire       #.......     100%        3    ####...
 Ozocubu's Armour         Chrm/Ice       #.......     100%        3    ####...
 Hailstorm                Conj/Ice       #.......     100%        4    #####..
 Sticky Flame             Conj/Fire      #.......     100%        4    #####..
 Summon Ice Beast         Ice/Summ       #.......     100%        4    #####..
 Fireball                 Conj/Fire      #.........   100%        5    ######.


Dungeon Overview and Level Annotations

Branches:
Dungeon (9/15)             Temple (1/1) D:5            Lair (1/6) D:8
Ossuary (visited)
    Orc: D:9-12

Altars:
Ashenzari
Cheibriados
Dithmenos
Elyvilon
Fedhas
Gozag
Hepliaklqana
Kikubaaqudgha
Makhleb
Nemelex Xobeh
Okawaru
Qazlal
Ru
Sif Muna
Trog
Uskayaw
Vehumet
Wu Jian
Xom
Yredelemnul
Zin
The Shining One

Shops:
D:6 }   D:8 !

Annotations:
D:4 3 runed translucent doors, Sedillia's ghost, amateur OpAs
D:9 Psyche


Innate Abilities, Weirdness & Mutations

Your body is rotting away.
You thrive on raw meat.
You are immune to poison.
You have sharp fingernails.
You are carnivorous and can eat meat at any time.
Your flesh is cold resistant. (rC+)
You are immune to negative energy. (rN+++)
You do not regenerate when monsters are visible.
You are immune to unholy pain and torment.
You can survive without breathing.


Message History

You slam into the crystal wall!
You closely miss the wretched star.
The wretched star is lightly damaged.
You mangle the wretched star!!
The wretched star is heavily damaged.
You claw the wretched star!
The wretched star is severely damaged.
You closely miss the wretched star.
The wretched star is severely damaged.
The wretched star glows turbulently.
The lance of force hits you!!
* * * LOW HITPOINT WARNING * * *
You are knocked back by the lance of force.
You slam into the crystal wall!
* * * LOW HITPOINT WARNING * * *
You scratch the wretched star.
The wretched star is severely damaged.
The wretched star glows turbulently.
The lance of force hits you!!
You die...

# #.#
..#.# .#
#.# .# .
.#. . ##
# ##.
#.##. ##
###
*.#.. ..
z#. ###
..#
.#...
..#..##
###.##.#
#*@##..
#..#.#
##
######


You could see a wretched star.

Vanquished Creatures
  Harold (D:9)
  Erolcha (D:9)
  3 two-headed ogres
  A wretched star (Abyss:1)
  A black mamba (D:8)
  Maurice (D:9)
  Maggie (D:6)
  An efreet (Abyss:1)
  3 flying skulls (Abyss:1)
  An ettin skeleton (Abyss:1)
  A shadow (D:8)
  2 hungry ghosts
  A small abomination (Abyss:1)
  4 ice beasts
  2 orc warriors
  A black bear (D:8)
  3 phantoms
  A sky beast (D:8)
  3 ogres
  5 centaurs
  A bullfrog (D:6)
  A water moccasin zombie (Ossuary)
  A wyvern zombie (D:9)
  12 killer bees (D:8)
  3 scorpions
  5 wights (D:7)
  2 crimson imps
  5 hounds
  A jelly (D:8)
  3 quasits
  A centaur skeleton (D:7)
  5 orc priests
  2 bullfrog skeletons
  7 orc wizards
  3 iguanas
  Natasha (thrice) (D:3)
  5 worker ants
  4 big kobold zombies (Ossuary)
  2 mummies (Ossuary)
  A hound skeleton (D:4)
  7 gnolls
  12 adders
  A shadow imp (D:9)
  5 adder zombies (Ossuary)
  An ooze (D:3)
  An adder skeleton (D:8)
  3 worms
  2 dart slugs
  4 leopard geckos
  18 orcs
  6 giant cockroaches
  6 gnoll zombies (Ossuary)
  4 goblins
  A hobgoblin (D:3)
  6 jackals
  6 quokkas
  9 bats
  3 frilled lizards
  2 goblin zombies (D:6)
  11 hobgoblin zombies (Ossuary)
  3 kobolds
  4 kobold zombies (Ossuary)
  4 orc zombies (Ossuary)
  4 rats
227 creatures vanquished.

Vanquished Creatures (others)
  A lurking horror (Abyss:1)
  6 starspawn tentacles (Abyss:1)
7 creatures vanquished.

Grand Total: 234 creatures vanquished

Notes
Turn   | Place    | Note
-------+----------+-------------------------------------------
     0 | D:1      | mortelune the Ghoul Monk began the quest for the Orb.
     0 | D:1      | Reached XP level 1. HP: 19/19 MP: 0/0
   730 | D:1      | Reached XP level 2. HP: 22/26 MP: 1/1
  1468 | D:2      | Reached skill level 4 in Unarmed Combat
  1468 | D:2      | Reached XP level 3. HP: 29/29 MP: 2/2
  1819 | D:2      | Reached XP level 4. HP: 34/40 MP: 3/3
  1891 | D:2      | Found an iron altar of Okawaru.
  1963 | D:2      | Found a white marble altar of Elyvilon.
  2397 | D:3      | Noticed an ogre
  2679 | D:3      | Reached skill level 5 in Unarmed Combat
  2679 | D:3      | Reached XP level 5. HP: 46/46 MP: 4/4
  2786 | D:3      | Noticed a centaur
  2798 | D:3      | Killed a centaur
  2798 | D:3      | Reached XP level 6. HP: 37/53 MP: 5/5
  2841 | D:3      | Noticed Natasha
  2852 | D:3      | Killed Natasha
  2885 | D:3      | Noticed Natasha
  2909 | D:3      | Killed Natasha
  3034 | D:3      | Reached skill level 6 in Unarmed Combat
  3043 | D:3      | Reached skill level 5 in Fighting
  3043 | D:3      | Reached XP level 7. HP: 45/61 MP: 6/6
  3266 | D:3      | Noticed Natasha
  3278 | D:3      | Killed Natasha
  4114 | D:4      | Found a runed translucent gate.
  4116 | D:4      | Found a runed translucent gate.
  4117 | D:4      | Found a runed translucent gate.
  4119 | D:4      | Noticed Sedillia's ghost (amateur OpAs)
  4856 | D:5      | Entered Level 5 of the Dungeon
  4898 | D:5      | Reached skill level 7 in Unarmed Combat
  5176 | D:5      | Found a staircase to the Ecumenical Temple.
  5237 | Temple   | Entered the Ecumenical Temple
  5446 | D:5      | Reached XP level 8. HP: 68/68 MP: 7/7
  5455 | D:5      | Found an opulent altar of Gozag.
  5668 | D:5      | Got a jewelled plate armour
  5681 | D:5      | Identified the +12 plate armour of Negligence {rElec Str-4
                  | SInv} (You found it on level 5 of the Dungeon)
  5728 | D:5      | Reached skill level 8 in Unarmed Combat
  5827 | D:5      | Reached skill level 1 in Armour
  6213 | D:6      | Found a sand-covered staircase.
  6232 | Ossuary  | Entered an ossuary
  6722 | D:6      | Found Hijaine's Gadget Boutique.
  6859 | D:6      | Noticed Maggie
  6887 | D:6      | Killed Maggie
  6887 | D:6      | Reached skill level 9 in Unarmed Combat
  6887 | D:6      | Reached XP level 9. HP: 76/76 MP: 8/8
  7302 | D:7      | Found a hazy altar of Hepliaklqana.
  7368 | D:7      | Found a shadowy altar of Dithmenos.
  7392 | D:7      | Found a sacrificial altar of Ru.
  7924 | D:7      | Reached skill level 5 in Armour
  8007 | D:7      | Reached skill level 10 in Unarmed Combat
  8528 | D:8      | Reached XP level 10. HP: 77/88 MP: 9/9
  8585 | D:8      | Noticed a two-headed ogre
  8593 | D:8      | Killed a two-headed ogre
  8623 | D:8      | Found a staircase to the Lair.
  8730 | D:8      | Reached skill level 11 in Unarmed Combat
  8924 | D:8      | Found Joygargh's Distillery.
  8984 | D:8      | Bought a potion of haste for 110 gold pieces
  8984 | D:8      | Bought a potion of heal wounds for 55 gold pieces
  8984 | D:8      | Bought a potion of resistance for 110 gold pieces
  9633 | D:9      | Noticed Erolcha
  9644 | D:9      | Killed Erolcha
  9679 | D:9      | Noticed a two-headed ogre
  9692 | D:9      | Killed a two-headed ogre
  9717 | D:9      | Noticed Harold
  9882 | D:8      | Reached skill level 12 in Unarmed Combat
  9882 | D:8      | Reached XP level 11. HP: 97/97 MP: 10/10
 10026 | D:9      | Noticed Maurice
 10045 | D:9      | Noticed a two-headed ogre
 10053 | D:9      | Killed Maurice
 10076 | D:9      | Killed a two-headed ogre
 10205 | D:9      | Found a burning altar of Makhleb.
 10333 | D:9      | Killed Harold
 10505 | Lair:1   | Entered Level 1 of the Lair of Beasts
 10585 | D:9      | Became a worshipper of Makhleb the Destroyer
 10585 | D:9      | Reached * piety under Makhleb
 10585 | D:9      | Reached ** piety under Makhleb
 10816 | D:9      | Noticed Psyche
 10824 | D:9      | Cast into level 1 of the Abyss (Psyche)
 10939 | Abyss:1  | Noticed a wretched star
 10955 | Abyss:1  | Killed a wretched star
 10955 | Abyss:1  | Reached skill level 1 in Invocations
 10992 | Abyss:1  | Noticed a tentacled starspawn
 11047 | Abyss:1  | Noticed a worldbinder
 11144 | Abyss:1  | Noticed a hell hog
 11146 | Abyss:1  | Noticed a hell hog
 11241 | Abyss:1  | Noticed a wretched star
 11277 | Abyss:1  | Killed from afar by a wretched star

Illustrated notes

Levels and vault maps discovered:
D:1:      lemuel_arrival_behind_the_door_small, layout_basic
D:2:      layout_loops_cross, lemuel_doored_altar, kennysheep_okawaru_gauntlet,
          first_ration
D:3:      layout_loops_cross, uniq_natasha
D:4:      layout_layer_cave, gammafunk_ghost_necromancy
D:5:      layout_loops_ring, nicolae_overflow_hidden_temple,
          minmay_temple_entry_wispy, wad_floor_pattern_1
D:6:      layout_gridville, enter_ossuary_4, serial_shops, shop, uniq_maggie
D:7:      layout_cave_pools, kennysheep_mini, old_standard_altar,
          kennysheep_mini_moat
D:8:      layout_loops_ring, lair_entry_dummy, serial_shops, nicolae_shop_stone
D:9:      layout_long_grid, lightli_temple_of_fire, uniq_harold, uniq_maurice,
          uniq_psyche, uniq_erolcha
Temple:   regret_index_temple_waves
Lair:1:   statuecave_lemuel, layout_chaotic_city, ebering_ghost_funeral_grove,
          hibernation_bobbens
Abyss:1:  base:
D:15

Skill      XL: |  1  2  3  4  5  6  7  8  9 10 11 |
---------------+----------------------------------+-----
Unarmed Combat | 4 5 6 7 9 10 12 | 12.7
Dodging        | 3 4 |  4.9
Fighting       | 4 5 6 7 9 |  9.7
Armour         | 4 5 7 9 |  9.1
Invocations    | 2 |  2.1
Stealth        | |  2.1

Action                   |  1- 3 |  4- 6 |  7- 9 | 10-12 || total
-------------------------+-------+-------+-------+-------++-------
Melee: Unarmed           |    83 |    99 |   517 |   360 ||  1059
       Punch             |     1 |     4 |     9 |    10 ||    24
Evoke: Wand              |       |     3 |     4 |    17 ||    24
  Use: Scroll            |       |       |    13 |     4 ||    17
       Potion            |       |       |     6 |     7 ||    13
 Stab: Sleeping          |     1 |     1 |       |       ||     2
       Paralysed         |       |       |       |     7 ||     7
  Eat: Chunk             |     9 |     6 |    11 |     9 ||    35
       Ration            |       |       |     3 |     1 ||     4
Armor: Robe              |    15 |       |       |       ||    15
       Ring mail         |    20 |    33 |    36 |       ||    89
       Plate armour      |       |       |   297 |   315 ||   612
       Swamp dragon scal |       |       |     1 |       ||     1
Dodge: Dodged            |    65 |    57 |   141 |    97 ||   360
Block: Other             |       |       |       |    29 ||    29
       Reflection        |       |       |       |     1 ||     1
